 Dungeon Crawl Stone Soup version 0.19.5 (webtiles) character file.

64 doot the Skirmisher (level 3, -4/30 HPs)
             Began as a Demonspawn Abyssal Knight on May 6, 2017.
             Was a Believer of Lugonu.
             Killed by nerve-wracking pain
             ... invoked by Grinder
              (5 damage)
             ... on level 3 of the Dungeon.
             The game lasted 00:03:56 (1748 turns).

doot the Skirmisher (Demonspawn Abyssal Knight)     Turns: 1748, Time: 00:03:56

Health: -4/30      AC:  6    Str: 12    XL:     3   Next: 91%
Magic:  0/4        EV: 11    Int: 13    God:    Lugonu [**....]
Gold:   105        SH:  0    Dex: 13    Spells: 0 memorised, 2 levels left

rFire  . . .     SeeInvis .     a - +1 hand axe
rCold  . . .     Gourm    .     b - +0 leather armour
rNeg   . . .     Faith    .     (no shield)
rPois  .         Spirit   +     k - +0 helmet
rElec  .         Reflect  .     (no cloak)
rCorr  .         Harm     .     (no gloves)
MR     .....                    (no boots)
Stlth  +.........               (no amulet)
                                (no ring)
                                (no ring)

@: invisible
A: molten scales 1, magic shield
a: Depart the Abyss, Bend Space, Renounce Religion


You were on level 3 of the Dungeon.
You worshipped Lugonu.
Lugonu was pleased with you.
You were not hungry.

You visited 1 branch of the dungeon, and saw 3 of its levels.
You visited the Abyss 1 time.

You collected 105 gold pieces.

Inventory:

Hand Weapons
 a - a +1 hand axe (weapon)
Armour
 b - a +0 leather armour (worn)
 k - a +0 helmet (worn)
Jewellery
 s - an uncursed ring of ice
Wands
 m - a wand of iceblast (7/15)
Scrolls
 e - 3 scrolls of identify {unknown}
 g - a scroll of recharging {unknown}
 l - 4 scrolls of enchant armour {unknown}
 n - a scroll of noise {unknown}
 t - a scroll of remove curse {unknown}
Potions
 f - a potion of cancellation {unknown}
 i - a potion of heal wounds {unknown}
 j - a potion of agility {unknown}
 o - a potion of invisibility
 p - a potion of magic {unknown}
 q - a potion of berserk rage {unknown}
 r - a potion of haste {unknown}
Comestibles
 c - 3 bread rations
 d - 3 meat rations
 h - 4 fruits


   Skills:
 + Level 3.8 Fighting
 + Level 2.5 Axes
 + Level 2.2 Armour
 + Level 1.2 Dodging
 + Level 2.5 Invocations


You had 2 spell levels left.
You didn't know any spells.

Dungeon Overview and Level Annotations

Branches:
Dungeon (3/15)

Altars:

Annotations:
D:3 Grinder


Innate Abilities, Weirdness & Mutations

You are partially covered in molten scales. (AC +2)
When hurt, damage is shared between your health and your magic reserves.


Message History

Grinder is lightly wounded.
Grinder gestures at you. Pain shoots through your body!
You closely miss Grinder.
Grinder is lightly wounded.
Grinder hits you but does no damage.
You hit Grinder.
Grinder is lightly wounded.
Grinder closely misses you.
You hit Grinder but do no damage.
Grinder is lightly wounded.
Grinder hits you!
* * * LOW HITPOINT WARNING * * *
You writhe in agony.
* * * LOW HITPOINT WARNING * * *
It was a potion of invisibility.
You fade into invisibility!
Grinder gestures at you. Pain shoots through your body!
You die...

$.....................#
#.......##..###.!...#
###...............†...#
##...###..###.######...#
##....##..####.# #...#
#..............# #...#
####......#########
#.###
#.......############ #.#
.$#####...)5@....... ...
############## #.#


You could see Grinder.

Vanquished Creatures
  An ooze (D:1)
  A worm (D:2)
  2 dart slugs
  2 leopard geckos
  4 bats
  2 giant cockroaches (D:2)
  4 goblins
  6 hobgoblins
  6 jackals (D:2)
  6 kobolds
  4 frilled lizards
  9 rats
47 creatures vanquished.

Notes
Turn   | Place    | Note
-------+----------+-------------------------------------------
     0 | Abyss:1  | doot the Demonspawn Abyssal Knight began the quest for the Orb.
     0 | Abyss:1  | Reached XP level 1. HP: 18/18 MP: 2/2
    28 | D:1      | Escaped the Abyss
   152 | D:1      | Reached skill level 1 in Dodging
   164 | D:1      | Gained mutation: When hurt, damage is shared between your health and your magic reserves. [demonic ancestry]
   164 | D:1      | Reached XP level 2. HP: 12/24 MP: 3/3
   898 | D:2      | Gained mutation: You are partially covered in molten scales. (AC +2) [demonic ancestry]
   898 | D:2      | Reached XP level 3. HP: 27/29 MP: 4/4
   903 | D:2      | Reached ** piety under Lugonu
  1709 | D:3      | Noticed Grinder
  1747 | D:3      | HP: 1/30 [Grinder (5)]
  1748 | D:3      | Killed from afar by Grinder

Skill      XL: |  1  2 |
---------------+-------+-----
Dodging        | 1 |  1.2
Axes           | 2 |  2.5
Armour         | 2 |  2.2
Fighting       | |  3.8
Invocations    | |  2.5

Action                   || total
-------------------------++-------
Melee: Hand axe          ||   169
  Use: Potion            ||     1
  Eat: Chunk             ||     3
Armor: Leather armour    ||    57
Dodge: Dodged            ||   103
